 Dungeon Crawl Stone Soup version 0.21.1-1-g345015f (webtiles) character file.

155 inc the Ducker (level 5, 24/24 HPs)
             Began as a Felid Fighter on Apr 22, 2018.
             Was an Initiate of Qazlal.
             Quit the game on level 3 of the Dungeon.
             The game lasted 00:03:53 (3219 turns).

inc the Ducker (Felid Fighter)                      Turns: 3219, Time: 00:03:54

Health: 24/24      AC:  2    Str: 12    XL:     5   Next: 14%
Magic:  8/8        EV: 22    Int:  9    God:    Qazlal [......]
Gold:   152        SH:  0    Dex: 15    Spells: 4/4 levels left
                                        Lives:  0   Deaths: 1

rFire    . . .     SeeInvis +     - Unarmed
rCold    . . .     Gourm    .   (shield unavailable)
rNeg     . . .     Faith    .   (armour unavailable)
rPois    .         Spirit   .   (helmet unavailable)
rElec    .         Reflect  .   (cloak unavailable)
rCorr    .         Harm     .   (gloves unavailable)
MR       .....                  (boots unavailable)
Stlth    ++........             (no amulet)
HPRegen  0.08/turn              i - -3 ring of dexterity (curse)
MPRegen  0.11/turn              (no ring)

@: quick
A: very small, no armour, no weapons or thrown items, stealth, claws 1, fangs 3,
see invisible, carnivore, speed 1, shaggy fur 2, slow metabolism 1, sharp paws
a: Renounce Religion


You were on level 3 of the Dungeon.
You worshipped Qazlal.
Qazlal was noncommittal.
You were not hungry.

You visited 1 branch of the dungeon, and saw 4 of its levels.

You collected 152 gold pieces.

Inventory:

Jewellery
 i - a cursed -3 ring of dexterity (left paw)
Scrolls
 g - 2 scrolls of enchant armour
Potions
 c - a potion of cancellation {unknown}
 d - 2 potions of curing
 e - a potion of berserk rage {unknown}
 f - 2 potions of heal wounds {unknown}
 h - a potion of haste {unknown}
Comestibles
 b - 5 rations


   Skills:
 + Level 3.5 Fighting
 - Level 7.3 Dodging
 - Level 4.0 Unarmed Combat
 - Level 3.4 Invocations


You had 4 spell levels left.
You didn't know any spells.

Dungeon Overview and Level Annotations

Branches:
Dungeon (4/15)
 Temple: D:4-7

Altars:
Qazlal

Annotations:
D:3 Verendum's ghost, weakling MiAK


Innate Abilities, Weirdness & Mutations

You cannot wear armour.
You are incapable of wielding weapons or throwing items.
Your paws allow you to move quietly. (Stealth)
You have sharp claws.
You have razor-sharp teeth.
You have supernaturally acute eyesight. (SInv)
You are carnivorous and can eat meat at any time.
You cover ground quickly.
You are covered in thick fur. (AC +2)
You have a slow metabolism.
Your sharp claws are effective at attacking unaware monsters.


Message History

The worker ant closely misses you. The orc misses you.
The orc wizard hits you but does no damage.
The worker ant completely misses you.
You bump into the rock wall.
You feel less confused. The orc hits you with a dagger.
* * * LOW HITPOINT WARNING * * *
The orc wizard barely misses you. The worker ant closely misses you.
You scratch the orc. Your bite misses the orc.
The orc is severely wounded.
The orc completely misses you. The orc wizard closely misses you.
The worker ant bites you but does no damage.
You closely miss the orc.
The orc is severely wounded.
The orc hits you with a dagger.
You die...
The orc wizard completely misses you. The worker ant barely misses you.
You are now level 5!
You rejoin the land of the living...
Are you sure you want to abandon this character and quit the game? (Confirm with "yes".)

# #oa..........).......... #
#######...#.##.###..##.% #####
#...#.##.......... ##..#
#####...#...#.....W###
..#.###.........#.#.#..#.#..
......#.#####.##...........#
...##.#.....(.....##.(.##..##.
...##.###.#####.......<.......
......# #.@#.#..........
..##### #....#....#.##.# ..#
#.##....#.#... ..# #.##.####.#
## ..# #.##.# .# ..# #....# .#
..# ###### .# ..# ..#


There were no monsters in sight!

Vanquished Creatures
  A bullfrog (D:3)
  A scorpion (D:3)
  An orc priest (D:3)
  An iguana (D:3)
  3 adders (D:2)
  3 gnolls (D:2)
  An ooze (D:2)
  2 worms (D:2)
  2 leopard geckos
  A ball python (D:3)
  2 giant cockroaches (D:2)
  8 goblins
  9 hobgoblins
  6 jackals
  6 kobolds
  A quokka (D:2)
  9 bats
  3 frilled lizards
  6 rats
66 creatures vanquished.

Notes
Turn   | Place    | Note
-------+----------+-------------------------------------------
     0 | D:1      | inc the Felid Fighter began the quest for the Orb.
     0 | D:1      | Reached XP level 1. HP: 10/10 MP: 2/2
   275 | D:1      | Reached XP level 2. HP: 10/14 MP: 3/3
   393 | D:1      | Reached skill level 5 in Dodging
  1006 | D:2      | Reached XP level 3. HP: 13/17 MP: 4/4
  1178 | D:2      | Reached skill level 6 in Dodging
  1354 | D:2      | Found a stormy altar of Qazlal.
  1443 | D:2      | Reached XP level 4. HP: 14/21 MP: 5/5
  1899 | D:2      | Reached skill level 7 in Dodging
  2517 | D:3      | Noticed Verendum's ghost (weakling MiAK)
  2644 | D:2      | Became a worshipper of Qazlal Stormbringer
  2697 | D:3      | Noticed a bullfrog
  2709 | D:3      | Killed a bullfrog
  2709 | D:3      | Reached XP level 5. HP: 24/24 MP: 5/7
  3069 | D:3      | Gained mutation: You are covered in thick fur. (AC +2) [Felid growth]
  3069 | D:3      | Reached XP level 6. HP: 16/28 MP: 9/9
  3218 | D:3      | Slain by an orc
  3219 | D:3      | Reached XP level 5. HP: 0/24 MP: 8/8
  3219 | D:3      | Quit the game

Skill      XL: |  1  2  3  4  5 |
---------------+----------------+-----
Dodging        | 5 6 7 |  7.3
Invocations    | 2 3 |  3.4
Fighting       | |  3.5
Unarmed Combat | |  4.0

Action                   |  1- 3 |  4- 6 || total
-------------------------+-------+-------++-------
Melee: Unarmed           |   104 |   154 ||   258
       Bite              |    17 |     7 ||    24
       Punch             |     2 |     2 ||     4
  Use: Scroll            |       |     3 ||     3
       Potion            |       |     3 ||     3
 Stab: Sleeping          |       |     2 ||     2
       Distracted        |       |     1 ||     1
  Eat: Chunk             |       |     5 ||     5
Armor: Skin              |     1 |    18 ||    19
Dodge: Dodged            |    80 |   221 ||   301
